 Dungeon Crawl Stone Soup version 0.31-a0-692-gf03d1854d5 (webtiles) character file.

Game seed: 2573681668577603024

86 qw the Shooter (level 4, -9/28 HPs)
             Began as a Gargoyle Hunter on Sept 6, 2023.
             Mangled by an orc warrior
             ... wielding a +0 scimitar
              (15 damage)
             ... on level 3 of the Dungeon.
             The game lasted 00:00:42 (1979 turns).

qw the Shooter (Gargoyle Hunter)                    Turns: 1979, Time: 00:00:43

Health: -9/28      AC: 10    Str: 14    XL:     4   Next: 49%
Magic:  4/4        EV: 12    Int: 10    God:
Gold:   122        SH:  0    Dex: 21    Spells: 3/3 levels left

rFire   . . .        Y - +0 shortbow
rCold   . . .        (shield currently unavailable)
rNeg    + . .        c - +0 leather armour
rPois   inf          (no helmet)
rElec   +            (no cloak)
rCorr   .            (no gloves)
SInv    .            (no boots)
Will    .....        (no amulet)
Stlth   ++           i - +6 ring of dexterity
HPRegen 0.24/turn    b - +4 ring of protection
MPRegen 0.09/turn

%: no passive effects
@: no status effects
A: sickness immunity, AC +3, negative energy resistance 1, electricity
resistance, torment resistance 1, petrification resistance
a: no special abilities


You were on level 3 of the Dungeon.
You visited 1 branch of the dungeon, and saw 3 of its levels.

You collected 122 gold pieces.


Innate Abilities, Weirdness & Mutations

You are immune to sickness and miasma.
Your stone body is resilient. (AC +3)
You are immune to poison.
You resist negative energy. (rN+)
You are resistant to electric shocks. (rElec)
You are resistant to unholy torment.
You are immune to petrification.


   Skills:
 - Level 3.6 Fighting
 + Level 5.1 Ranged Weapons
 - Level 1.5 Dodging
 - Level 1.1 Stealth


You had 3 spell levels left.
You didn't know any spells.
Your spell library was empty.

Inventory:

Hand Weapons
 Y - a +0 shortbow (weapon)
Armour
 c - a +0 leather armour (worn)
 j - the +3 ring mail of Impermeability {-Tele Str+5}
   (You found it on level 3 of the Dungeon)

   Str+5:     It affects your strength (+5).
   -Tele:     It prevents most forms of teleportation.
Jewellery
 b - a +4 ring of protection (right hand)
 d - a ring of protection from fire
 i - a +6 ring of dexterity (left hand)
Scrolls
 a - 3 scrolls of identify
Potions
 g - a potion of resistance
 h - a potion of mutation

Dungeon Overview and Level Annotations

Branches:
Dungeon (3/15)

Altars:
Elyvilon
Fedhas


Message History

The orc wizard flickers and vanishes!
Deactivating autopickup; reactivate with Ctrl-A.
You shoot an arrow. The arrow barely misses the bat.
The bat barely misses you. The bat hits you but does no damage.
The orc warrior barely misses you.
You shoot an arrow. The arrow hits the orc warrior.
The orc warrior is lightly wounded.
The bat closely misses you.
The orc warrior hits you but does no damage.
You shoot an arrow.
The arrow closely misses the orc warrior.
The bat hits you but does no damage. The bat barely misses you. x2
The orc warrior hits you but does no damage.
You shoot an arrow. The arrow hits the orc warrior.
The orc warrior is lightly wounded.
The bat hits you.
The orc warrior hits you with a +0 scimitar!
Ouch! That really hurt!
The bat barely misses you.
You shoot an arrow. The arrow hits the orc warrior.
The orc warrior is lightly wounded.
The bat misses you. Something hits you but does no damage.
The orc warrior hits you with a +0 scimitar.
You shoot an arrow. The arrow hits the orc warrior.
The orc warrior is moderately wounded.
Something hits you but does no damage. The bat hits you but does no damage.
The orc warrior hits you with a +0 scimitar.
You hear some strange, mumbled words.
You are confused.
The bat hits you but does no damage.
1978 ||| DRINKING potion of curing.
You feel better.
1978 ||| (to cure confusion)
The bat closely misses you. The bat barely misses you.
The orc warrior closely misses you. Something hits you but does no damage.
You shoot an arrow.
The arrow barely misses the orc warrior.
The bat hits you but does no damage.
The orc warrior hits you with a +0 scimitar!
Ouch! That really hurt!
You die...

#.#...........#.# #.# #.#
#.#.....#####.#.## #.###
#.#
#.#..............###.#.#
#.# ...
..............##.#.#####.#
#..#####...##.#.......#
#..#?)?#...##.#)#######
...#$?[#.).......#
#..#$?!#..#####..#
#..#####o@#####..#
.........b.......#
..........########
###########


You could see an orc warrior and a bat.

Vanquished Creatures
  An orc priest (D:3)
  An adder (D:3)
  A worm (D:3)
  2 orcs (D:3)
  5 ball pythons
  5 endoplasms
  2 giant cockroaches (D:3)
  4 goblins
  2 hobgoblins (D:3)
  2 jackals (D:1)
  3 quokkas
  2 bats (D:1)
  3 frilled lizards
  4 kobolds
  5 rats
42 creatures vanquished.

Notes
Turn   | Place    | Note
-------+----------+-------------------------------------------
     0 | D:1      | qw the Gargoyle Hunter began the quest for the Orb.
     0 | D:1      | Reached XP level 1. HP: 12/12 MP: 1/1
     0 | D:1      | 0 ||| qw: Version: 0.3-a-76-g4403597
     0 | D:1      | 0 ||| qw: Game counter: 196
     0 | D:1      | 0 ||| qw: Melee chars always use a shield: true
     0 | D:1      | 0 ||| qw: God list: Okawaru
     0 | D:1      | 0 ||| qw: Allow faded altars: false
     0 | D:1      | 0 ||| qw: Do Orc after clearing Dungeon:15 true
     0 | D:1      | 0 ||| qw: Do second Lair branch before Depths: true
     0 | D:1      | 0 ||| qw: Lair rune preference: random
     0 | D:1      | 0 ||| qw: Goals: Normal
     0 | D:1      | 0 ||| PLANNING D:1-11
   415 | D:1      | Reached XP level 2. HP: 17/17 MP: 2/2
   630 | D:1      | Found a faded altar of an unknown god.
   842 | D:1      | 842 ||| UPGRADING to +6 ring of dexterity.
   843 | D:1      | 843 ||| READING scroll labelled FOVUSTA HISTU.
   844 | D:1      | 844 ||| READING scroll labelled GUT GERGHIJAHUY.
   845 | D:1      | 845 ||| READING scroll labelled HUKAPN REMEKK.
   846 | D:1      | 846 ||| READING scroll labelled XINUSH DETAM.
   847 | D:1      | 847 ||| DRINKING 3 bubbling silvery potions.
   848 | D:1      | 848 ||| DROPPING scroll of butterflies.
   988 | D:2      | Found a blossoming altar of Fedhas.
  1385 | D:2      | 1385 ||| UPGRADING to +4 ring of protection.
  1386 | D:2      | 1386 ||| READING 2 scrolls labelled BATHRI ROMAASH.
  1387 | D:2      | 1387 ||| DRINKING 2 bubbling grey potions.
  1388 | D:2      | 1388 ||| DRINKING 2 potions of curing.
  1388 | D:2      | 1388 ||| (to cure confusion)
  1389 | D:2      | 1389 ||| READING 4 scrolls of identify.
  1389 | D:2      | 1389 ||| IDENTIFYING black potion
  1390 | D:2      | 1390 ||| READING 3 scrolls of identify.
  1390 | D:2      | 1390 ||| IDENTIFYING fuming orange potion
  1391 | D:2      | 1391 ||| DROPPING scroll of amnesia.
  1392 | D:2      | 1392 ||| DROPPING potion of ambrosia.
  1410 | D:3      | Found a white marble altar of Elyvilon.
  1447 | D:3      | Reached XP level 3. HP: 21/21 MP: 3/3
  1464 | D:3      | Identified the +3 ring mail of Impermeability {-Tele Str+5}
  1562 | D:3      | Reached skill level 5 in Ranged Weapons
  1620 | D:3      | 1620 ||| FLEEEEING.
  1622 | D:3      | 1622 ||| FLEEEEING.
  1623 | D:3      | 1623 ||| FLEEEEING.
  1624 | D:3      | 1624 ||| FLEEEEING.
  1626 | D:3      | 1626 ||| FLEEEEING.
  1627 | D:3      | 1627 ||| FLEEEEING.
  1628 | D:3      | 1628 ||| FLEEEEING.
  1629 | D:3      | 1629 ||| FLEEEEING.
  1633 | D:3      | 1633 ||| FLEEEEING.
  1634 | D:3      | 1634 ||| FLEEEEING.
  1635 | D:3      | 1635 ||| STAIRDANCE
  1662 | D:2      | 1662 ||| READING 2 scrolls labelled LICOKHL MIRAXOIRU.
  1663 | D:2      | 1663 ||| READING scroll labelled NEUGRA SILANG.
  1664 | D:2      | 1664 ||| DROPPING scroll of fear.
  1672 | D:3      | Reached skill level 3 in Fighting
  1672 | D:3      | Reached XP level 4. HP: 21/28 MP: 4/4
  1672 | D:3      | 1672 ||| STAIRDANCE
  1934 | D:3      | Noticed an orc warrior
  1935 | D:3      | 1935 ||| RETREATING.
  1970 | D:3      | 1970 ||| Stepping ~*~*~tactically~*~*~ (retreating).
  1971 | D:3      | 1971 ||| Stepping ~*~*~tactically~*~*~ (retreating).
  1975 | D:3      | HP: 5/28 [orc warrior/+0 scimitar (14)]
  1976 | D:3      | HP: 1/28 [orc warrior/+0 scimitar (4)]
  1978 | D:3      | 1978 ||| DRINKING potion of curing.
  1978 | D:3      | 1978 ||| (to cure confusion)
  1979 | D:3      | Mangled by an orc warrior

Levels and vault maps discovered:
D:1:      reono_arrival_mine, layout_basic, basic_ecumenical_altar,
          chequers_serial_rivers_large_b
D:2:      layout_loops_ring, basic_altar
D:3:      layout_basic, mainiacjoe_overflow_catwalk, due_unseen_surprise

Skill      XL: |  1  2  3 |
---------------+----------+-----
Ranged Weapons | 5 |  5.1
Fighting       | 3 |  3.6
Dodging        | |  1.5
Stealth        | |  1.1

Action                     |  1- 3 |  4- 6 || total
---------------------------+-------+-------++-------
   Fire: Shortbow          |    87 |    27 ||   114
    Use: Scroll            |     9 |       ||     9
         Potion            |     3 |     1 ||     4
 Armour: Leather armour    |    16 |    23 ||    39
  Dodge: Dodged            |    13 |    18 ||    31

Table legend:
 A = Non-vault XP
 B = Vault XP
 C = Vault XP percentage of total XP
 D = Non-vault monster count
 E = Vault monster count
 F = Vault count percentage of total count
                 A         B        C        D         E       F
            +---------+---------+-------+---------+---------+-------
      Total |     123 |       0 |   0.0 |      42 |       0 |   0.0
            +---------+---------+-------+---------+---------+-------
        D:1 |      18 |       0 |   0.0 |      12 |       0 |   0.0
        D:2 |       9 |       0 |   0.0 |       6 |       0 |   0.0
        D:3 |      96 |       0 |   0.0 |      24 |       0 |   0.0
            +---------+---------+-------+---------+---------+-------
